 Dungeon Crawl Stone Soup version 0.23.1-38-g628c18f (webtiles) character file.

Game seed: 4481508190299638190

982 dvd the Skirmisher (level 7, -5/53 HPs)
             Began as a Demonspawn Skald on Mar 28, 2019.
             Was an Initiate of Dithmenos.
             Killed by divine providence
             ... invoked by an orc priest
              (13 damage)
             ... on level 5 of the Dungeon.
             The game lasted 00:13:34 (4295 turns).

dvd the Skirmisher (Demonspawn Skald)               Turns: 4295, Time: 00:13:34

Health: -5/53      AC: 16    Str: 13    XL:     7   Next: 96%
Magic:  0/21       EV: 13    Int: 14    God:    Dithmenos [......]
Gold:   176        SH:  0    Dex: 13    Spells: 4/12 levels left

rFire    . . .     SeeInvis .   s - +1 mace (protect)
rCold    . . .     Gourm    .   (no shield)
rNeg     . . .     Faith    .   l - +0 ring mail
rPois    .         Spirit   +   (helmet restricted)
rElec    .         Reflect  .   (no cloak)
rCorr    .         Harm     .   h - +1 pair of gloves
MR       .....                  (no boots)
Stlth    +.........             (no amulet)
HPRegen  0.17/turn              v - ring of magical power
MPRegen  0.34/turn              r - +2 ring of protection

@: infused, protection aura
A: antennae 1, repulsion field 1, magic shield, magic regeneration
a: Renounce Religion


You were on level 5 of the Dungeon.
You worshipped Dithmenos.
Dithmenos was noncommittal.
You were not hungry.

You visited 1 branch of the dungeon, and saw 5 of its levels.

You collected 176 gold pieces.

Inventory:

Hand Weapons
 a - a +0 hand axe
 s - a +1 mace of protection (weapon)
Armour
 b - a +0 leather armour
 h - a +1 pair of gloves (worn)
 l - a +0 ring mail (worn)
 x - a +0 pair of boots
Magical Staves
 f - an uncursed staff of air
Jewellery
 n - an uncursed ring of ice
 q - a +2 ring of intelligence
 r - a +2 ring of protection (right hand)
 v - a ring of magical power (left hand)
Scrolls
 c - 2 scrolls of remove curse {unknown}
 e - a scroll of immolation {unknown}
 g - a scroll of teleportation {unknown}
 j - a scroll of noise {unknown}
 m - a scroll of amnesia {unknown}
 p - 2 scrolls of identify {unknown}
 u - a scroll of fear {unknown}
Potions
 i - a potion of resistance {unknown}
 k - a potion of curing
 o - 2 potions of mutation {unknown}
 t - a potion of flight {unknown}
Comestibles
 d - 8 rations
 w - 4 chunks of flesh


   Skills:
 + Level 3.9 Fighting
 + Level 3.3(4.2) Axes
 + Level 3.8(4.4) Maces & Flails
 + Level 3.1 Armour
 + Level 3.0 Dodging
 + Level 0.3 Stealth
 + Level 3.4 Spellcasting
 + Level 3.6 Charms
 + Level 1.2 Translocations


You had 4 spell levels left.
You knew the following spells:

 Your Spells              Type           Power        Failure   Level  Hunger
a - Infusion              Chrm           ##..         10%         1    #......
b - Song of Slaying       Chrm           ##......     14%         2    ##.....
c - Shroud of Golubria    Chrm/Tloc      #.........   24%         2    ##.....
d - Regeneration          Chrm/Necr      #.........   52%         3    ###....

Your spell library contained the following spells:

 Spells                   Type           Power        Failure   Level  Hunger
 Confusing Touch          Hex            #.....       38%         1    #......
 Spectral Weapon          Hex/Chrm       #.......     52%         3    ###....
 Gell's Gravitas          Tloc           #.........   58%         3    ###....
 Confuse                  Hex            #.......     77%         3    ###....
 Petrify                  Tmut/Erth      #.......     99%         4    #####..
 Metabolic Englaciation   Hex/Ice        #.........   100%        5    ######.
 Yara's Violent Unravell  Hex/Tmut       #.........   100%        5    ######.


Dungeon Overview and Level Annotations

Branches:
Dungeon (5/15)
 Temple: D:4-7

Altars:
Dithmenos
Nemelex Xobeh
Vehumet
Wu Jian


Innate Abilities, Weirdness & Mutations

You have a pair of small antennae on your head.
You are surrounded by a mild repulsion field. (EV +2)
When hurt, damage is shared between your health and your magic reserves.
You regenerate magic rapidly.


Message History

The orc priest is heavily wounded.
The orc priest hits you but does no damage.
You barely miss the orc priest.
The orc priest is heavily wounded.
The orc priest hits you with a +0 mace.
You barely miss the orc priest.
The orc priest is heavily wounded.
The orc priest hits you with a +0 mace.
The orc priest invokes the aid of Beogh against you.
Beogh smites you!
* * * LOW HITPOINT WARNING * * *
Unknown command.
You hit the orc priest but do no damage.
The orc priest is heavily wounded.
The orc priest barely misses you.
You hit the orc priest.
The orc priest is severely wounded.
The orc priest mumbles some strange prayers to Beogh against you.
Beogh smites you!
You die...

.# ## #.# #. . .# ..#
###. .#.# ###.. .... ...
...# ##. #.#
###.########.
..######.####.....)......
#oo.o...o.......########.
..######o#####...#######.
#@## #........... #..#
#...######.. ##.# #.###
#.. ##.####.# #..
#.......# ... ##.######
#.# #.# #.#


You could see 2 orc priests.

Vanquished Creatures
  Pikel (D:4)
  Sigmund (D:5)
  2 slaves (D:3)
  An orc wizard (D:5)
  Terence (D:2)
  Jessica (D:2)
  4 worker ants
  4 adders
  5 oozes
  An adder skeleton (D:5)
  2 worms
  4 dart slugs
  4 leopard geckos
  4 orcs
  4 giant cockroaches
  2 hobgoblins
  10 jackals
  10 kobolds
  2 quokkas
  12 bats
  4 frilled lizards
  6 goblins
  8 rats
93 creatures vanquished.

Vanquished Creatures (others)
  2 orc wizards
  3 orcs (D:4)
5 creatures vanquished.

Grand Total: 98 creatures vanquished

Notes
Turn   | Place    | Note
-------+----------+-------------------------------------------
     0 | D:1      | dvd the Demonspawn Skald began the quest for the Orb.
     0 | D:1      | Reached XP level 1. HP: 16/16 MP: 3/3
   187 | D:1      | Gained mutation: You are surrounded by a mild repulsion
                  | field. (EV +2) [demonic ancestry]
   187 | D:1      | Reached XP level 2. HP: 22/22 MP: 0/5
   241 | D:1      | Learned a level 2 spell: Song of Slaying
   244 | D:1      | Learned a level 2 spell: Shroud of Golubria
   504 | D:1      | Reached skill level 1 in Armour
   507 | D:1      | Reached XP level 3. HP: 19/28 MP: 1/6
  1010 | D:2      | Noticed Jessica
  1026 | D:2      | Killed Jessica
  1026 | D:2      | Gained mutation: You have a pair of small antennae on your
                  | head. [demonic ancestry]
  1026 | D:2      | Reached XP level 4. HP: 21/34 MP: 5/7
  1435 | D:2      | Noticed Terence
  1455 | D:2      | Killed Terence
  1526 | D:2      | Found a shadowy altar of Dithmenos.
  1529 | D:2      | Became a worshipper of Dithmenos the Shadowed
  1717 | D:3      | Reached XP level 5. HP: 40/40 MP: 5/8
  1971 | D:3      | Learned a level 3 spell: Regeneration
  2156 | D:3      | Found a sparkling altar of Nemelex Xobeh.
  2771 | D:4      | Noticed a slave
  2771 | D:4      | Noticed a slave
  2772 | D:4      | Noticed Pikel
  2775 | D:4      | Noticed a slave
  2793 | D:3      | Killed a slave
  2815 | D:3      | HP: 1/41 [slave[Pikel] (8)]
  3167 | D:3      | Killed a slave
  3199 | D:4      | Noticed a slave
  3212 | D:4      | Killed Pikel
  3212 | D:4      | Gained mutation: When hurt, damage is shared between your
                  | health and your magic reserves. [demonic ancestry]
  3212 | D:4      | Reached XP level 6. HP: 22/47 MP: 4/10
  3212 | D:4      | Gained mutation: You regenerate magic rapidly. [demonic
                  | ancestry]
  3212 | D:4      | Reached XP level 7. HP: 25/52 MP: 4/11
  3912 | D:4      | Found an ornate altar of the Wu Jian Council.
  3978 | D:4      | Found a radiant altar of Vehumet.
  4152 | D:5      | Entered Level 5 of the Dungeon
  4152 | D:5      | Noticed Sigmund
  4185 | D:5      | Killed Sigmund
  4185 | D:5      | Reached skill level 1 in Translocations
  4295 | D:5      | Killed from afar by an orc priest

Skill      XL: |  1  2  3  4  5  6  7 |
---------------+----------------------+-----
Charms         | 3 |  3.6
Axes           | 2 3 |  3.3
Armour         | 1 2 3 |  3.1
Dodging        | 2 3 |  3.0
Fighting       | 3 |  3.9
Maces & Flails | 3 |  3.8
Spellcasting   | 3 |  3.4
Translocations | 1 |  1.2
Stealth        | |  0.3

Action                   |  1- 3 |  4- 6 |  7- 9 || total
-------------------------+-------+-------+-------++-------
Melee: Hand axe          |    95 |   170 |       ||   265
       Mace              |       |    69 |   115 ||   184
 Cast: Infusion          |     9 |     9 |     3 ||    21
       Shroud of Golubri |     3 |    15 |     8 ||    26
       Song of Slaying   |     2 |     4 |     3 ||     9
  Use: Potion            |       |       |     3 ||     3
  Eat: Chunk             |     1 |     8 |     3 ||    12
       Ration            |       |       |     1 ||     1
Armor: Leather armour    |    30 |       |       ||    30
       Ring mail         |     8 |   116 |    47 ||   171
Dodge: Dodged            |    87 |   174 |    75 ||   336
